 Dungeon Crawl Stone Soup version 0.29.1-1-gd02db6906a (webtiles) character file.

Game seed: 7114836473430128925

9223 Icepheonix32 the Zephyrmancer (level 11, -3/57 HPs)
             Began as a Tengu Air Elementalist on Oct 5, 2022.
             Was a Follower of Vehumet.
             Slain by a meliai
             ... wielding a +0 hand axe
              (9 damage)
             ... on level 11 of the Dungeon.
             The game lasted 00:35:25 (13046 turns).

Icepheonix32 the Zephyrmancer (TeAE)               Turns: 13046, Time: 00:35:26

Health: -3/57      AC: 10    Str:  8    XL:     11   Next: 43%
Magic:  3/21       EV: 16    Int: 26    God:    Vehumet [*.....]
Gold:   1435       SH:  5    Dex: 15    Spells: 4/23 levels left

rFire   . . .      SeeInvis .   z - staff of air
rCold   . . .      Faith    .   (no shield)
rNeg    . . .      Spirit   .   X - +2 robe {Archmagi}
rPois   .          Reflect  +   (helmet restricted)
rElec   +          Harm     .   f - +1 cloak
rCorr   .          Rampage  .   q - +1 Delatra's gloves {ID++}
Will    .....      Archmagi +   (boots unavailable)
Stlth   +++.......              l - amulet of reflection
HPRegen 0.19/turn               n - +4 ring of slaying
MPRegen 0.17/turn               B - +6 ring of intelligence

@: about to teleport, flying quickly and evasively, quick
A: beak, talons 3, nimble flight, iridescent scales 1, MP-powered wands
a: Renounce Religion


You were on level 11 of the Dungeon.
You worshipped Vehumet.
Vehumet was aware of your devotion.
You visited 2 branches of the dungeon, and saw 12 of its levels.

You collected 2400 gold pieces.
You spent 965 gold pieces at shops.

Inventory:

Hand Weapons
 k - a +4 quarterstaff
 v - a +0 dagger of holy wrath
 x - the +6 short sword "Docatrim" {drain, *Noise Will+ Stlth+}
   (You found it on level 3 of the Dungeon)

   A truly terrible weapon, it drains the life of any living foe it strikes.
   *Noise:    It may make noises in combat.
   Will:      It increases your willpower.
   Stlth:     It makes you more stealthy.
 P - a +4 dagger
Missiles
 p - 11 boomerangs
 u - 29 poisoned darts
 M - 2 datura-tipped darts
 R - a curare-tipped dart
 S - 2 throwing nets
Armour
 f - a +1 cloak (worn)
 m - the +0 kite shield of Vuhe {Int+3}
   (You found it on level 2 of the Dungeon)

   Int:       It affects your intelligence (+3).
 q - the +1 Delatra's gloves (worn) {ID++}
   (You found it on level 2 of the Dungeon)

   It heals its wearer when they drink unknown potions.
   It restores its wearer's MP when they read unknown scrolls.
 s - the +0 pair of gloves of Complete Protection {Harm Stlth+}
   (You bought it in a shop on level 3 of the Dungeon)

   Harm:      It increases damage dealt and taken.
   Stlth:     It makes you more stealthy.
 I - a +3 ring mail of cold resistance
 Q - a +2 robe of positive energy
 X - a +2 robe of the Archmagi (worn)
Magical Staves
 z - a staff of air (weapon)
 L - a staff of conjuration
Jewellery
 g - an amulet of faith
 h - a ring of fire
 i - an amulet of regeneration
 l - an amulet of reflection (around neck)
 n - a +4 ring of slaying (left hand)
 B - a +6 ring of intelligence (right hand)
 G - an amulet of the acrobat
Wands
 c - a wand of acid (13)
 V - a wand of digging (8)
Scrolls
 a - 3 scrolls of enchant weapon
 d - 3 scrolls of poison {unknown}
 j - a scroll of fear
 t - 2 scrolls of enchant armour {unknown}
 y - 5 scrolls of teleportation
 A - a scroll of summoning
 C - 2 scrolls of amnesia {unknown}
 E - 3 scrolls of fog {unknown}
 K - a scroll of silence
 N - a scroll of vulnerability
 O - a scroll of magic mapping
 Y - a scroll of torment
Potions
 b - 2 potions of magic
 e - 4 potions of curing
 o - 3 potions of mutation
 r - 6 potions of heal wounds
 w - 4 potions of brilliance
 D - a potion of berserk rage
 F - a potion of resistance
 H - 3 potions of lignification {unknown}
 J - a potion of cancellation
 T - a potion of invisibility
 Z - 2 potions of haste
Miscellaneous
 W - a phantom mirror


   Skills:
 + Level 2.0 Fighting
 + Level 2.5 Short Blades
 + Level 0.2 Staves
 - Level 4.5 Armour
 * Level 4.5 Dodging
 + Level 4.0 Stealth
 * Level 3.4 Shields
 + Level 6.6 Spellcasting
 * Level 12.4 Conjurations
 * Level 12.8 Air Magic
 * Level 3.2 Evocations


You had 4 spell levels left.
You knew the following spells:

 Your Spells              Type           Power      Damage    Failure   Level
a - Shock                 Conj/Air       100%       1d9       1%          1
b - Static Discharge      Conj/Air       100%       3-16/arc  1%          2
c - Swiftness             Air            100%       N/A       1%          3
d - Airstrike             Air            53%        2d(8-24)  1%          4
e - Searing Ray           Conj           100%       2d8       1%          2
f - Fulminant Prism       Conj/Hex       29%        3d14      4%          4
g - Mephitic Cloud        Conj/Pois/Air  87%        N/A       1%          3

Your spell library contained the following spells:

 Spells                   Type           Power      Damage    Failure   Level
 Freeze                   Ice            48%        1d7       7%          1
 Magic Dart               Conj           100%       1d8       1%          1
 Call Imp                 Summ           12%        N/A       10%         2
 Ensorcelled Hibernation  Hex/Ice        26%        N/A       10%         2
 Passwall                 Tmut/Erth      10%        N/A       10%         2
 Gell's Gravitas          Tloc           12%        N/A       21%         3
 Lesser Beckoning         Tloc           12%        N/A       21%         3
 Teleport Other           Tloc           12%        N/A       21%         3
 Olgreb's Toxic Radiance  Pois           13%        N/A       54%         4
 Ozocubu's Refrigeration  Ice            6%         4d8       100%        7
 Ignition                 Fire           6%         3d4       100%        8


Dungeon Overview and Level Annotations

Branches:
Dungeon (11/15)            Temple (1/1) D:7            Lair (0/5) D:9
    Orc (0/2) D:9

Altars:
Ashenzari
Cheibriados
Dithmenos
Elyvilon
Fedhas
Gozag
Hepliaklqana
Kikubaaqudgha
Makhleb
Nemelex Xobeh
Okawaru
Qazlal
Ru
Sif Muna
Trog
Uskayaw
Vehumet
Wu Jian
Xom
Yredelemnul
Zin
The Shining One

Shops:
D:3 [?(![   D:7 (   D:9 [

Annotations:
D:2 1 runed translucent door, Crazy Yiuf
D:6 3 runed translucent doors, hawla's ghost, novice DEFE


Innate Abilities, Weirdness & Mutations

You have a beak for a mouth.
You have claws for feet.
Your magical nature lets you fly swiftly and evasively.
You are partially covered in iridescent scales. (AC +2)
You expend magic power (3 MP) to strengthen your wands.


Message History

The searing ray hits the two-headed ogre!
The two-headed ogre is moderately wounded.
The two-headed ogre barely misses you.
The two-headed ogre hits you with a +0 giant spiked club!!
Unknown command.
The purple ugly thing is engulfed in noxious fumes.
The purple ugly thing appears confused.
Casting: Searing Ray (safe; 1% risk of failure)
Confirm with . or Enter, or press ? or * to list all spells.
You feel a strong surge of power!
The two-headed ogre is struck by an arc of lightning!
The two-headed ogre is heavily wounded.
You resist.
You are struck by an arc of lightning.
The two-headed ogre is struck by an arc of lightning!
The two-headed ogre is severely wounded.
You resist.
You are struck by an arc of lightning.
The two-headed ogre is struck by an arc of lightning.
The two-headed ogre is almost dead.
You resist.
You are struck by an arc of lightning.
The two-headed ogre is struck by an arc of lightning.
The two-headed ogre is almost dead.
The lightning grounds out.
The purple ugly thing is engulfed in noxious fumes.
The purple ugly thing headbutts itself.
The two-headed ogre hits you with a +0 giant club!!
* * * LOW HITPOINT WARNING * * *
The two-headed ogre hits you with a +0 giant spiked club!
* * * LOW HITPOINT WARNING * * *
As you read the scroll of fear, it crumbles to dust.
You assume a fearsome visage.
The two-headed ogre looks frightened!
The purple ugly thing looks frightened!
The shadow is unaffected.
The purple ugly thing is engulfed in noxious fumes.
The purple ugly thing appears confused.
A meliai comes into view. It is wielding a +0 hand axe.
The meliai buzzes angrily.
As you read the scroll of teleportation, it crumbles to dust.
You feel strangely unstable. The meliai closely misses you.
The meliai completely misses you. The meliai hits you with a +0 hand axe!
You die...

#...#.......#
#####.......######
#............#
#.###....###.#
#.###....###.# ...#
#............#....#
#............#....#
....###'#########....####
. #...@................
#....y...............
#....................
#....................
......................
######.#####W..........
.... #.##......## #####
#.######### #.........


You could see a shadow and a meliai.

Vanquished Creatures
  A hydra (D:11)
  A two-headed ogre (D:9)
  Pikel (D:7)
  A deep elf pyromancer (D:8)
  A gargoyle (D:10)
  A kobold demonologist (D:5)
  Grinder (D:5)
  2 hornets
  A wraith (D:10)
  A wyvern (D:6)
  A shadow (D:10)
  4 yaks
  A steam dragon (D:9)
  Edmund (D:5)
  2 vampire mosquitoes (D:11)
  An acid dragon (D:11)
  A water moccasin (D:6)
  Duvessa (D:6)
  An ice beast (D:5)
  2 sky beasts
  3 orc warriors
  3 ogres
  3 phantoms
  3 lemures
  5 centaurs
  4 kobold brigands
  6 bullfrogs
  3 necrophages
  A scorpion (D:6)
  10 wights
  Dowan (D:6)
  6 killer bees (D:6)
  3 howler monkeys
  5 electric eels (D:10)
  A hound (D:6)
  3 jellies
  A gnoll bouda (D:7)
  2 orc priests
  4 iguanas
  7 orc wizards
  Terence (D:2)
  5 gnolls (D:7)
  4 adders
  2 worms
  4 dart slugs
  27 orcs
  14 bats
  4 endoplasms
  2 giant cockroaches (D:4)
  10 goblins
  15 hobgoblins
  19 kobolds
  4 quokkas
  9 ball pythons
  5 rats
225 creatures vanquished.

Vanquished Creatures (others)
  2 fulminant prisms (D:11)
2 creatures vanquished.

Grand Total: 227 creatures vanquished

Notes
Turn   | Place    | Note
-------+----------+-------------------------------------------
     0 | D:1      | Icepheonix32 the Tengu Air Elementalist began the quest for
                  | the Orb.
     0 | D:1      | Reached XP level 1. HP: 10/10 MP: 4/4
   372 | D:1      | Reached XP level 2. HP: 15/15 MP: 1/6
  1187 | D:1      | Reached skill level 5 in Air Magic
  1187 | D:1      | Reached XP level 3. HP: 19/19 MP: 3/7
  1298 | D:1      | Found a faded altar of an unknown god.
  1789 | D:2      | Identified the +0 kite shield of Vuhe {Int+3}
  1849 | D:2      | Noticed Terence
  1874 | D:2      | Killed Terence
  1875 | D:2      | Reached XP level 4. HP: 17/24 MP: 6/8
  2169 | D:2      | Found the +1 Delatra's gloves {ID++}
  2337 | D:2      | Found a runed translucent door.
  2338 | D:2      | Noticed Crazy Yiuf
  2553 | D:3      | Found Tomun's Weapon Emporium.
  2560 | D:3      | Found Xoatutof's Magic Scroll Shop.
  2569 | D:3      | Found Upicw's Antique Armour Shop.
  2759 | D:3      | Noticed a sky beast
  2769 | D:3      | Learned a level 2 spell: Static Discharge
  2773 | D:3      | Learned a level 3 spell: Swiftness
  2924 | D:3      | Found Bucoe's Antique Armour Shoppe.
  2971 | D:3      | Identified the +6 short sword "Docatrim" {drain, *Noise
                  | Will+ Stlth+}
  3038 | D:3      | Found Doskotz's Distillery.
  3044 | D:3      | Bought a potion of degeneration for 10 gold pieces
  3095 | D:3      | Killed a sky beast
  3096 | D:3      | Gained mutation: Your magical nature lets you fly swiftly
                  | and evasively. [Tengu growth]
  3096 | D:3      | Reached XP level 5. HP: 15/28 MP: 8/10
  3242 | D:4      | Noticed an ogre
  3545 | D:4      | Reached XP level 6. HP: 33/33 MP: 11/11
  3692 | D:4      | Reached skill level 1 in Short Blades
  4125 | D:5      | Entered Level 5 of the Dungeon
  4141 | D:5      | Noticed a kobold demonologist
  4150 | D:5      | Killed a kobold demonologist
  4151 | D:5      | Reached skill level 1 in Fighting
  4151 | D:5      | Reached skill level 5 in Conjurations
  4151 | D:5      | Reached XP level 7. HP: 38/38 MP: 4/13
  4224 | D:5      | Noticed Edmund
  4242 | D:5      | Killed Edmund
  4422 | D:5      | Found a blossoming altar of Fedhas.
  4500 | D:5      | Reached XP level 8. HP: 26/43 MP: 4/14
  4590 | D:5      | Found an ornate altar of the Wu Jian Council.
  4762 | D:5      | Noticed Grinder
  4773 | D:5      | Killed Grinder
  5419 | D:6      | Found a runed translucent gate.
  5419 | D:6      | Found a runed translucent gate.
  5420 | D:6      | Found a runed translucent gate.
  5549 | D:6      | Reached XP level 9. HP: 47/47 MP: 3/16
  5953 | D:6      | Noticed Duvessa
  5956 | D:6      | Noticed Dowan
  5962 | D:6      | Killed Duvessa
  5963 | D:6      | Reached skill level 5 in Spellcasting
  5963 | D:6      | Reached skill level 10 in Air Magic
  5968 | D:6      | Killed Dowan
  6333 | D:6      | Noticed hawla's ghost (novice DEFE)
  6759 | D:7      | Found a staircase to the Ecumenical Temple.
  6761 | D:7      | Noticed Pikel
  6768 | D:6      | Reached skill level 10 in Conjurations
  6856 | D:7      | Learned a level 4 spell: Airstrike
  6902 | Temple   | Entered the Ecumenical Temple
  6921 | Temple   | Became a worshipper of Vehumet
  6933 | Temple   | Gained mutation: You are partially covered in iridescent
                  | scales. (AC +2) [potion of mutation]
  6933 | Temple   | Gained mutation: You expend magic power (3 MP) to
                  | strengthen your wands. [potion of mutation]
  6939 | D:7      | Killed Pikel
  6940 | D:7      | Reached XP level 10. HP: 15/53 MP: 9/19
  7078 | D:7      | Reached skill level 1 in Evocations
  7355 | D:7      | Found Feray's Antique Weapon Shop.
  7619 | D:7      | Reached skill level 1 in Shields
  7848 | D:7      | Identified a scroll of acquirement
  7850 | D:7      | Acquired 1004 gold pieces
  7925 | D:3      | Bought a potion of brilliance for 40 gold pieces
  7925 | D:3      | Bought a potion of curing for 30 gold pieces
  7925 | D:3      | Bought a potion of heal wounds for 50 gold pieces
  7925 | D:3      | Bought a potion of brilliance for 40 gold pieces
  7946 | D:3      | Bought a scroll of enchant weapon for 75 gold pieces
  7946 | D:3      | Bought a scroll of teleportation for 30 gold pieces
  7946 | D:3      | Bought a scroll of noise for 10 gold pieces
  7967 | D:3      | Bought an embroidered cloak for 210 gold pieces
  7967 | D:3      | Bought a faintly humming ring mail for 252 gold pieces
  7967 | D:3      | Identified the +1 ring mail of the Hall of Blades {rElec
                  | Dex+5 Slay-6} (You bought it in a shop on level 3 of the
                  | Dungeon)
  8003 | D:3      | Bought a pair of polished gloves for 218 gold pieces
  8003 | D:3      | Identified the +0 pair of gloves of Complete Protection
                  | {Harm Stlth+} (You bought it in a shop on level 3 of the
                  | Dungeon)
  8317 | D:8      | Found an ancient bone altar of Kikubaaqudgha.
  8326 | D:8      | Found a shimmering blue altar of Sif Muna.
  8366 | D:8      | Reached skill level 1 in Armour
  8574 | D:8      | Noticed a deep elf pyromancer
  8597 | D:8      | Killed a deep elf pyromancer
  8660 | D:8      | Reached * piety under Vehumet
  8660 | D:8      | Offered knowledge of Freeze by Vehumet.
  8665 | D:8      | Learned a level 2 spell: Searing Ray
  8670 | D:8      | Learned a level 4 spell: Fulminant Prism
  8804 | D:8      | Learned a level 3 spell: Mephitic Cloud
  9345 | D:8      | Acquired a staff of conjuration
  9403 | D:9      | Found Zaageowuff's Armour Shoppe.
  9418 | D:9      | Found a staircase to the Orcish Mines.
  9563 | D:9      | Noticed a two-headed ogre
  9574 | D:9      | Killed a two-headed ogre
  9892 | D:9      | Paralysed by a hornet for 2 turns
 10864 | D:9      | Found a staircase to the Lair.
 10990 | D:10     | Entered Level 10 of the Dungeon
 11048 | D:10     | Reached XP level 11. HP: 57/57 MP: 11/21
 11722 | D:10     | Found a snail-covered altar of Cheibriados.
 11935 | D:10     | Paralysed by a hornet for 1 turns
 12172 | D:10     | Found a sparkling altar of Nemelex Xobeh.
 12239 | D:10     | Found a faded altar of an unknown god.
 12354 | D:10     | Found a hazy altar of Hepliaklqana.
 12636 | D:11     | Noticed a four-headed hydra
 12645 | D:11     | Killed a four-headed hydra
 13004 | D:11     | Acquired 837 gold pieces
 13025 | D:11     | Noticed a two-headed ogre
 13026 | D:11     | Noticed a two-headed ogre
 13028 | D:11     | Noticed a purple ugly thing
 13046 | D:11     | Slain by a meliai

Illustrated notes

Levels and vault maps discovered:
D:1:      heliophobic_arrival_dark_side_of_the_moon, layout_basic,
          ebering_ecumenical_altar_mist, nrook_mini_vaults, hex_large,
          minmay_misc_feat_rugged
D:2:      layout_loops_ring, uniq_crazy_yiuf_cottage, uniq_terence
D:3:      layout_loops_ring, serial_shops, shop_statue,
          nicolae_shop_bloodbath_and_beyond, shop_scrolls,
          nicolae_shop_advertising_works [nicolae_subvault_shop_adworks],
          nicolae_shop_trees
D:4:      layout_loops_ring, serial_rivers, chequers_serial_rivers_room_b,
          chequers_serial_rivers_room_b, chequers_serial_rivers_small_3,
          chequers_serial_rivers_small_3
D:5:      layout_gridville, mainiacjoe_overflow_cross_hatched,
          kennysheep_mini_moat, roderic_batcave, uniq_grinder, uniq_edmund
D:6:      layout_loops_cross, gammafunk_ghost_necromancy, uniq_duvessa
D:7:      layout_cave_pools, minmay_temple_entry_wispy, serial_shops,
          nicolae_shop_temple_entry_statues_fountains, roderic_serpentine_path,
          uniq_pikel
D:8:      layout_basic, mainiacjoe_overflow_swirl, minmay_fractal_squares_5
D:9:      layout_basic, lair_entry_dummy, orc_david_3
D:10:     layout_basic, mainiacjoe_overflow_concentric_impassable,
          beargit_hepliaklqana_dungeon_heroes, cheibrodos_worm_habitat
D:11:     layout_stronghold, minmay_the_grid_2x2
          [minmay_the_grid_zigzag_pyramid, minmay_the_grid_large_cup,
          minmay_the_grid_stretched_grid, minmay_the_grid_prize_big_room]
Temple:   minmay_freezing_vapour_temple

Skill      XL: |  1  2  3  4  5  6  7  8  9 10 11 |
---------------+----------------------------------+-----
Conjurations   | 2 3 4 5 6 8 10 11 12 | 12.4
Air Magic      | 5 6 7 9 11 12 | 12.8
Short Blades   | 1 2 |  2.5
Spellcasting   | 3 4 5 6 |  6.6
Fighting       | 1 2 |  2.0
Stealth        | 3 4 |  4.0
Dodging        | 3 4 |  4.5
Evocations     | 2 3 |  3.2
Shields        | 2 3 |  3.4
Armour         | 3 4 |  4.5
Staves         | |  0.2

Action                   |  1- 3 |  4- 6 |  7- 9 | 10-12 || total
-------------------------+-------+-------+-------+-------++-------
Melee: Unarmed           |     2 |       |       |       ||     2
       Short sword       |    10 |    14 |    10 |    32 ||    66
       Kick              |     5 |     5 |     2 |    17 ||    29
       Peck              |     2 |     4 |       |     8 ||    14
       Dagger            |    10 |    12 |       |       ||    22
       Punch             |       |     1 |       |     2 ||     3
       Staff             |       |       |       |    19 ||    19
 Cast: Shock             |    71 |    44 |   180 |   172 ||   467
       Static Discharge  |       |     2 |    20 |    16 ||    38
       Searing Ray       |       |       |       |    23 ||    23
       Mephitic Cloud    |       |       |       |     4 ||     4
       Airstrike         |       |       |       |     4 ||     4
       Fulminant Prism   |       |       |       |     2 ||     2
  Use: Scroll            |     5 |       |       |    14 ||    19
       Potion            |     1 |       |     4 |     4 ||     9
 Stab: Sleeping          |       |     3 |       |       ||     3
       Invisible         |       |       |       |     2 ||     2
Armor: Robe              |     6 |     7 |     8 |    20 ||    41
       Ring mail         |       |       |       |    13 ||    13
Dodge: Dodged            |    13 |    21 |    55 |   112 ||   201
Block: Other             |       |       |       |    17 ||    17
       Reflection        |       |       |       |     1 ||     1
